Map: Pylon LE

Players

parafinìco - Winner!

  • Race: Protoss Protoss
  • League: Diamond
  • Spawn Location: 11:00

ManlyManMeat

  • Race: Zerg Zerg
  • League: Diamond
  • Spawn Location: 5:00

VOD

Have the link to the VOD?

Description

Time

  • Played on: July 1, 2025, 8:39 a.m.
  • Length: 12:34
Show
View Real Time Build Order
Export as new Build Order

parafinìco Protoss - Winner!

Build Orders: 1 Gate Expand, Oracle Opening, Zealot Archon 

Get SALT Encoding   

  12  0:01  Probe  
  13  0:13  Probe  
  14  0:21  Pylon  
  14  0:25  Probe  
  15  0:36  Probe  
  15  0:40  Gateway  
  16  0:44  Probe  
  16  0:49  Assimilator  
  17  0:53  Probe  
  18  1:05  Probe  
  19  1:17  Probe  
  20  1:25  Nexus  
  20  1:36  Cybernetics Core  
  20  1:40  Probe  
  21  1:53  Probe  
  22  1:58  Pylon, Assimilator  
  22  2:05  Probe  
  22  2:06  Adept  
  23  2:15  Warp Gate  
  23  2:17  Probe  
  26  2:29  Probe  
  28  2:37  Probe  
  28  2:41  Probe  
  29  2:46  Probe  
  29  2:47  Stargate  
  29  2:49  Probe  
  30  2:54  Probe  
  30  2:56  Stalker  
  30  2:57  Probe  
  32  3:03  Probe  
  35  3:07  Probe  
  35  3:08  Pylon  
  37  3:15  Probe  
  37  3:19  Gateway, Probe  
  39  3:26  Void Ray, Adept  
  41  3:27  Probe  
  41  3:31  Pylon  
  41  3:32  Probe  
  47  3:39  Probe  
  48  3:44  Probe  
  49  3:51  Probe  
  49  3:55  Oracle  
  50  3:56  Probe  
  54  4:19  Nexus  
  54  4:20  Pylon  
  54  4:25  Forge, Twilight Council  
  54  4:32  Assimilator  
  54  4:33  Probe x2  
  54  4:34  Assimilator  
  56  4:39  Shield Battery  
  56  4:41  Probe  
  56  4:42  Probe  
  57  4:49  Probe  
  57  4:50  Probe  
  60  5:00  Probe x2  
  60  5:03  Charge  
  62  5:12  Shield Battery, Probe x2, Protoss Ground Weapons Level 1  
  64  5:24  Probe x2  
  64  5:27  Templar Archives  
  66  5:30  Gateway  
  66  5:31  Gateway, Pylon  
  66  5:35  Gateway  
  66  5:38  Gateway, Pylon  
  66  5:40  Probe x3  
  69  5:52  Probe x3  
  69  5:55  Robotics Facility  
  72  5:58  Pylon  
  72  6:03  Psionic Storm  
  73  6:04  Probe x3  
  73  6:06  Zealot x2  
  73  6:11  Assimilator  
  79  6:12  Assimilator  
  79  6:16  Probe  
  80  6:26  High Templar x2  
  80  6:29  Zealot x2  
  88  6:39  Zealot  
  89  6:40  Zealot  
  89  6:42  Archon  
  84  7:00  Cybernetics Core  
  68  7:05  Gateway  
  67  7:08  Cybernetics Core  
  67  7:09  Pylon  
  67  7:11  Pylon  
  67  7:13  Zealot x3  
  73  7:22  Observer, Probe x2  
  74  7:32  Zealot  
  70  7:38  Oracle  
  70  7:43  Protoss Ground Weapons Level 2  
  70  7:44  High Templar x4  
  79  7:52  Probe  
  79  7:53  Probe x2  
  82  8:00  Probe  
  82  8:01  Probe x2  
  85  8:10  Probe x2  
  85  8:11  Probe  
  86  8:14  Forge  
  86  8:19  Gateway  
  88  8:20  Gateway  
  88  8:22  Probe  
  88  8:23  Probe x2, Zealot x4  
  88  8:24  Pylon, Zealot x2  
  78  8:28  Pylon  
  78  8:34  Probe  
  78  8:35  Probe x2  
  81  8:45  Probe x3  
  81  8:48  Zealot x6  
  90  8:53  Probe x2  
  90  8:54  Probe  
  96  8:56  Protoss Ground Armor Level 1  
  96  9:01  Probe x2  
  96  9:02  Probe  
  99  9:03  Pylon  
  102  9:10  High Templar x6  
  102  9:12  Observer  
  102  9:13  Probe x3  
  118  9:25  Probe  
  118  9:26  Zealot x2  
  118  9:31  Immortal  
  82  9:45  Gateway  
  82  9:50  Photon Cannon  
  80  9:53  Probe x3, Photon Cannon  
  80  9:55  Photon Cannon  
  80  9:59  Photon Cannon  
  83  10:00  Pylon  
  83  10:04  Pylon, High Templar x4  
  83  10:05  Probe x2  
  83  10:06  Probe  
  94  10:08  Archon x2  
  94  10:09  Observer  
  94  10:17  Probe  
  94  10:18  Probe x2, Zealot  
  94  10:19  Zealot  
  102  10:22  Observer  
  103  10:29  Probe, Photon Cannon  
  103  10:30  Probe x2  
  103  10:31  Photon Cannon  
  103  10:32  Pylon  
  103  10:33  Shield Battery  
  106  10:37  Photon Cannon, Zealot x3  
  106  10:41  Probe  
  106  10:42  Probe x2  
  109  10:53  Probe  
  109  10:54  Probe x2  
  96  11:05  Probe  
  96  11:06  Probe x2  
  96  11:09  Zealot x3  
  96  11:10  Zealot  
  103  11:18  Probe x3  
  98  11:21  Zealot x2  
  93  11:29  Probe  
  93  11:30  Probe x2  
  96  11:37  Probe  
  96  11:38  Probe x2  
  94  11:45  Probe  
  94  11:46  Probe x2  
  100  11:56  Probe x2  
  100  11:57  Probe  
  103  12:05  Dark Shrine  
  104  12:08  Probe  
  98  12:26  Zealot x3  
  98  12:27  Zealot x2  
Show
View Real Time Build Order
Export as new Build Order

ManlyManMeat Zerg 

Build Orders: Hatch First 

Get SALT Encoding   

  12  0:00  Drone  
  13  0:08  Drone  
  14  0:17  Extractor  
  14  0:18  Drone  
  15  0:22  Overlord  
  15  0:42  Drone  
  16  0:50  Drone  
  16  0:51  Hatchery  
  16  0:55  Drone  
  17  0:59  Drone  
  18  1:12  Extractor  
  18  1:15  Spawning Pool  
  16  1:19  Drone  
  16  1:20  Drone  
  18  1:26  Drone  
  19  1:37  Drone  
  20  2:03  Queen x2  
  20  2:07  Zergling x4  
  26  2:08  Overlord  
  26  2:14  Drone x2  
  28  2:19  Metabolic Boost  
  28  2:31  Drone x3  
  28  2:35  Overlord  
  31  2:47  Hatchery  
  31  2:50  Drone  
  31  2:51  Drone  
  31  2:54  Drone  
  31  2:56  Drone  
  34  3:03  Drone  
  35  3:07  Drone  
  36  3:13  Queen  
  38  3:24  Drone x3  
  38  3:25  Overlord  
  41  3:30  Drone x2  
  43  3:39  Extractor  
  43  3:41  Drone x2, Baneling Nest  
  43  3:43  Drone  
  43  3:45  Drone  
  43  3:47  Drone, Overlord  
  43  3:48  Overlord  
  46  3:49  Drone  
  47  3:57  Zergling x4  
  49  4:05  Drone  
  49  4:06  Drone x2  
  49  4:08  Queen  
  53  4:10  Queen  
  53  4:15  Drone  
  53  4:16  Drone, Evolution Chamber  
  53  4:17  Drone  
  57  4:36  Evolution Chamber  
  56  4:40  Zergling x6  
  56  4:41  Zergling x6  
  56  4:43  Zerg Melee Weapons Level 1  
  62  4:46  Lair  
  62  4:59  Hatchery  
  61  5:03  Spore Crawler  
  56  5:08  Spore Crawler  
  56  5:11  Zerg Ground Armor Level 1  
  56  5:13  Zergling x6  
  56  5:14  Zergling x14, Overlord  
  65  5:19  Overlord  
  65  5:32  Spore Crawler  
  65  5:35  Baneling x10  
  64  5:48  Zergling x22  
  75  5:59  Zergling x12  
  81  6:06  Centrifugal Hooks  
  81  6:22  Zergling x8  
  81  6:23  Zergling x4, Overlord x2  
  81  6:45  Zergling x22  
  83  6:55  Zergling x14  
  83  7:16  Zergling x2  
  83  7:17  Zergling x16  
  87  7:26  Zerg Melee Weapons Level 2  
  87  7:27  Zerg Ground Armor Level 2  
  87  7:29  Drone x4  
  76  7:37  Baneling x8  
  70  7:55  Zergling x16  
  78  8:03  Drone x5, Spore Crawler  
  81  8:26  Hatchery  
  63  8:33  Zergling x28  
  73  9:00  Baneling x18  
  73  9:01  Zergling x2  
  73  9:02  Zergling x18  
  83  9:10  Drone x3  
  83  9:11  Drone, Overlord  
  62  9:40  Zergling x2, Infestation Pit  
  62  9:41  Zergling x32  
  76  9:52  Overlord  
  70  9:57  Zergling x12  
  76  10:08  Zergling x8  
  80  10:30  Baneling x16  
  80  10:31  Zergling x2  
  80  10:32  Zergling x32  
  90  11:02  Zergling x6  
  90  11:03  Zergling x24  
  93  11:07  Infestor  
  80  11:18  Zergling x10  
  75  11:58  Drone x6  
Tags
 
Add a new tag
Caveats
  • Supply blocks, unpowered buildings, or Contaminate may cause inaccurate times.
  • Supply counts are checked every 10 seconds.